 Dungeon Crawl Stone Soup version 0.24.0 (webtiles) character file.

Game seed: 2103020258463326001, levelgen mode: deterministic

1783 Mrkan the Grappler (level 8, -9/78 HPs)
             Began as a Troll Monk on Oct 25, 2019.
             Mangled by a water moccasin (10 damage)
             ... on level 6 of the Dungeon.
             The game lasted 00:11:58 (4722 turns).

Mrkan the Grappler (Troll Monk)                     Turns: 4722, Time: 00:11:58

Health: -9/78      AC:  6    Str: 20    XL:     8   Next: 81%
Magic:  7/7        EV: 12    Int:  8    God:
Gold:   376        SH:  0    Dex: 12    Spells: 7/7 levels left

rFire    . . .     SeeInvis .     - Unarmed
rCold    . . .     Gourm    +   (no shield)
rNeg     . . .     Faith    .   a - +0 robe
rPois    .         Spirit   .   (helmet restricted)
rElec    .         Reflect  .   (no cloak)
rCorr    .         Harm     .   (gloves unavailable)
MR       .....                  (boots unavailable)
Stlth    ++........             (no amulet)
HPRegen  0.63/turn              (no ring)
MPRegen  0.10/turn              (no ring)

@: lethally poisoned (-9 -> -26)
A: large, unfitting armour, claws 3, fast metabolism 3, gourmand, regeneration
1, shaggy fur 1, tough skin 3
a: no special abilities


You were on level 6 of the Dungeon.
You were full.

You visited 2 branches of the dungeon, and saw 7 of its levels.

You collected 376 gold pieces.

Inventory:

Missiles
 o - 203 stones (quivered)
 r - 2 javelins
 z - 8 boomerangs
Armour
 a - a +0 robe (worn)
Jewellery
 h - an uncursed ring of protection from cold {unknown}
 l - an uncursed ring of ice {unknown}
 n - an uncursed ring of protection from cold {unknown}
 t - an uncursed amulet of magic regeneration
Wands
 w - a wand of disintegration (15)
 y - a wand of flame (31)
 F - a wand of enslavement (11)
Scrolls
 e - 2 scrolls of fog {unknown}
 f - 6 scrolls of identify {unknown}
 i - a scroll of amnesia {unknown}
 k - 5 scrolls of remove curse {unknown}
 m - a scroll of noise {unknown}
 p - 2 scrolls of enchant armour {unknown}
 s - 3 scrolls of teleportation {unknown}
 v - 2 scrolls of fear {unknown}
 B - a scroll of magic mapping {unknown}
 C - a scroll of enchant weapon {unknown}
 D - a scroll of immolation {unknown}
 E - a scroll of blinking {unknown}
Potions
 c - 3 potions of might {unknown}
 d - 6 potions of curing {unknown}
 g - 6 potions of lignification {unknown}
 j - 4 potions of mutation {unknown}
 q - a potion of resistance {unknown}
 u - 3 potions of berserk rage {unknown}
 x - a potion of brilliance {unknown}
 A - a potion of heal wounds {unknown}
Comestibles
 b - 10 rations


   Skills:
 + Level 3.9 Fighting
 - Level 5.0 Dodging
 - Level 2.2 Stealth
 + Level 9.2 Unarmed Combat


You had 7 spell levels left.
You didn't know any spells.
Your spell library contained the following spells:

 Spells                   Type           Power        Failure   Level  Hunger
 Corona                   Hex            #......      41%         1    ##.....
 Ensorcelled Hibernation  Hex/Ice        #.....       54%         2    ###....
 Confuse                  Hex            #.......     78%         3    ####...
 Dazzling Spray           Conj/Hex       #.....       78%         3    ####...
 Tukima's Dance           Hex            #.......     78%         3    ####...


Dungeon Overview and Level Annotations

Branches:
Dungeon (6/15)             Temple (1/1) D:6

Altars:
Ashenzari
Cheibriados
Dithmenos
Elyvilon
Fedhas
Gozag
Kikubaaqudgha
Makhleb
Nemelex Xobeh
Okawaru
Qazlal
Ru
Sif Muna
Trog
Uskayaw
Vehumet
Wu Jian
Xom
Yredelemnul
Zin
The Shining One

Shops:
D:6 *(


Innate Abilities, Weirdness & Mutations

You are too large for most types of armour.
You have claws for hands.
Your metabolism is lightning-fast.
You like to eat raw meat.
Your natural rate of healing is unusually fast.
You are covered in fur. (AC +1)
You have extremely tough skin. (AC +3)


Message History

* * * LOW HITPOINT WARNING * * *
The water moccasin bites you but does no damage.
* * * LOW HITPOINT WARNING * * *
You feel very sick. The ball python barely misses you.
The water moccasin bites you.
* * * LOW HITPOINT WARNING * * *
* * * LOW HITPOINT WARNING * * *
You feel sick. The ball python closely misses you.
The water moccasin bites you but does no damage.
* * * LOW HITPOINT WARNING * * *
You feel very sick. The water moccasin bites you.
* * * LOW HITPOINT WARNING * * *
You are more poisoned.
The water moccasin poisons you! The ball python barely misses you.
The water moccasin misses you. The ball python barely misses you.
* * * LOW HITPOINT WARNING * * *
You feel very sick. The water moccasin bites you!
You die...

#.# #...#.# #.#
##### #......
#>#####...####..#..#
#...................
######....##########
#...#.## #.#.#.#
##S###.# #@S.##.#
#.∩.##.# #...##..
##+#####


You could see a water moccasin and a ball python.

Vanquished Creatures
  Grinder (D:4)
  Sigmund (D:3)
  An orc warrior (D:6)
  A sky beast (D:6)
  An ice beast (D:5)
  2 ogres (D:5)
  2 bullfrogs
  2 howler monkeys
  A centaur zombie (D:6)
  2 hounds
  2 centaur skeletons
  4 orc wizards
  Jessica (D:3)
  Ijyb (D:3)
  2 iguanas
  Natasha (thrice) (D:4)
  3 worker ants
  A gnoll (D:2)
  11 adders
  A howler monkey skeleton (D:6)
  2 shadow imps (D:6)
  An adder zombie (D:6)
  2 worms
  A dart slug (D:3)
  2 leopard geckos
  15 orcs
  8 bats
  3 giant cockroaches
  10 goblins
  8 hobgoblins
  13 jackals
  3 quokkas
  3 ball pythons
  A ball python skeleton (D:4)
  6 frilled lizards
  13 kobolds
  12 rats
146 creatures vanquished.

Notes
Turn   | Place    | Note
-------+----------+-------------------------------------------
     0 | D:1      | Mrkan the Troll Monk began the quest for the Orb.
     0 | D:1      | Reached XP level 1. HP: 22/22 MP: 0/0
   129 | D:1      | Reached XP level 2. HP: 27/29 MP: 1/1
   541 | D:2      | Reached XP level 3. HP: 27/36 MP: 2/2
   697 | D:2      | Reached XP level 4. HP: 44/44 MP: 3/3
   849 | D:2      | Reached skill level 4 in Unarmed Combat
  1099 | D:2      | Noticed a bullfrog
  1123 | D:2      | Killed a bullfrog
  1123 | D:2      | Reached XP level 5. HP: 20/53 MP: 4/4
  1462 | D:3      | Reached skill level 5 in Unarmed Combat
  1487 | D:3      | Noticed Ijyb
  1519 | D:3      | Killed Ijyb
  1522 | D:3      | Reached XP level 6. HP: 25/61 MP: 5/5
  1648 | D:3      | Noticed Jessica
  1652 | D:3      | Killed Jessica
  1768 | D:3      | Noticed Sigmund
  1785 | D:3      | Killed Sigmund
  1785 | D:3      | Reached skill level 6 in Unarmed Combat
  2199 | D:4      | Noticed Grinder
  2208 | D:4      | Reached XP level 7. HP: 56/67 MP: 6/6
  2219 | D:4      | Paralysed by Grinder for 7 turns
  2245 | D:4      | Killed Grinder
  2245 | D:4      | Reached skill level 7 in Unarmed Combat
  2450 | D:4      | Noticed Natasha
  2472 | D:4      | Killed Natasha
  2548 | D:4      | Noticed Natasha
  2557 | D:4      | Killed Natasha
  2559 | D:4      | Noticed Natasha
  2566 | D:4      | Killed Natasha
  2881 | D:5      | Entered Level 5 of the Dungeon
  3296 | D:5      | Reached XP level 8. HP: 75/75 MP: 7/7
  3434 | D:5      | Reached skill level 8 in Unarmed Combat
  4074 | D:6      | Found Xieth's Antique Weapon Shoppe.
  4098 | D:6      | Reached skill level 5 in Dodging
  4098 | D:6      | Reached skill level 9 in Unarmed Combat
  4267 | D:6      | Found a staircase to the Ecumenical Temple.
  4302 | Temple   | Entered the Ecumenical Temple
  4695 | D:6      | Found Uziow's Serpentskin Sales.
  4722 | D:6      | HP: 1/78 [poisoned by a water moccasin]
  4722 | D:6      | Mangled by a water moccasin

Levels and vault maps discovered:
D:1:      lemuel_arrival_broad_hall, layout_rooms
D:2:      minmay_evil_eye, layout_loops_ring, first_ration, minmay_cupped
D:3:      layout_rooms, uniq_sigmund, uniq_jessica, uniq_ijyb
D:4:      layout_loops_ring, uniq_grinder, uniq_natasha
D:5:      layout_basic
D:6:      layout_loops_ring, lemuel_doored_altar, minmay_temple_entry_grid,
          serial_shops, kennysheep_mini, guppyfry_shop_venom
Temple:   kilobyte_greek_temple
